Map: Eternal Empire LE

Players

Trap - Winner!

  • Race: Protoss Protoss
  • Spawn Location: 7:00

RagnaroK (SHIN)

  • Race: Zerg Zerg
  • League: Grandmaster
  • Spawn Location: 1:00

Event: War Chest Team League

VOD

Have the link to the VOD?

Description

Time

  • Played on: Aug. 9, 2020, 8:31 a.m.
  • Length: 12:46

All games in this series

Show
View Real Time Build Order
Export as new Build Order

Trap Protoss - Winner!

Build Orders: 1 Gate Expand, Oracle Opening 

Get SALT Encoding   

  12  0:00  Probe  
  13  0:13  Pylon  
  13  0:17  Probe (Chrono Boost)  
  14  0:27  Probe (Chrono Boost)  
  15  0:32  Probe (Chrono Boost)  
  16  0:41  Gateway  
  16  0:44  Probe  
  16  0:49  Assimilator  
  17  0:56  Probe  
  18  1:08  Probe  
  19  1:20  Probe  
  20  1:26  Nexus  
  20  1:35  Cybernetics Core  
  20  1:38  Probe  
  21  1:45  Assimilator  
  21  1:50  Probe  
  22  1:54  Pylon  
  22  2:02  Probe  
  23  2:09  Adept (Chrono Boost)  
  23  2:12  Warp Gate  
  23  2:14  Probe  
  26  2:26  Probe  
  27  2:31  Stargate  
  27  2:35  Adept  
  29  2:38  Probe (Chrono Boost)  
  29  2:40  Probe (Chrono Boost)  
  31  2:48  Probe x2 (Chrono Boost)  
  33  2:53  Probe x2 (Chrono Boost)  
  35  3:04  Probe  
  35  3:05  Stalker, Probe  
  39  3:11  Oracle (Chrono Boost)  
  39  3:17  Probe x2  
  39  3:18  Pylon  
  44  3:24  Gateway  
  44  3:29  Probe x2  
  46  3:34  Assimilator  
  46  3:37  Assimilator  
  46  3:41  Probe x2  
  47  3:44  Oracle (Chrono Boost)  
  51  3:51  Pylon  
  51  3:52  Pylon  
  51  3:55  Probe x2  
  53  4:02  Twilight Council  
  53  4:08  Probe  
  53  4:09  Probe  
  55  4:24  Adept x2, Probe x2  
  55  4:27  Pylon  
  61  4:38  Nexus  
  61  4:42  Dark Shrine, Probe  
  61  4:43  Probe  
  63  4:49  Sentry x2  
  63  4:51  Shield Battery  
  67  4:56  Robotics Facility  
  67  4:59  Pylon  
  67  5:00  Probe  
  67  5:01  Probe  
  69  5:12  Gateway  
  69  5:13  Probe  
  70  5:14  Forge  
  70  5:16  Pylon  
  70  5:17  Sentry  
  70  5:18  Sentry  
  74  5:25  Probe x2  
  72  5:37  Probe x2, Blink  
  74  5:44  Warp Prism (Chrono Boost)  
  74  5:47  Protoss Ground Weapons Level 1 (Chrono Boost)  
  74  5:49  Probe (Chrono Boost)  
  78  5:50  Probe (Chrono Boost)  
  78  5:54  Gateway, Probe (Chrono Boost)  
  78  5:56  Gateway  
  79  5:57  Stalker  
  79  6:01  Pylon  
  83  6:05  Probe (Chrono Boost)  
  83  6:07  Probe x2 (Chrono Boost)  
  83  6:09  Stalker  
  86  6:11  Stalker  
  86  6:12  Probe x2 (Chrono Boost)  
  86  6:15  Probe  
  86  6:16  Observer (Chrono Boost)  
  92  6:19  Robotics Bay  
  92  6:23  Pylon  
  92  6:25  Probe x2  
  94  6:28  Probe  
  94  6:32  Assimilator x2  
  95  6:34  Immortal (Chrono Boost)  
  99  6:42  Stalker x2  
  99  6:43  Stalker  
  105  6:49  Zealot  
  105  6:52  Pylon  
  105  6:53  Pylon  
  105  6:54  Zealot  
  109  6:58  Colossus (Chrono Boost)  
  109  7:10  Extended Thermal Lance  
  109  7:11  Gateway  
  109  7:12  Gateway  
  115  7:17  Pylon  
  115  7:22  Stalker x3  
  121  7:40  Photon Cannon  
  121  7:41  Colossus (Chrono Boost)  
  121  7:43  Gateway  
  121  7:48  Gateway  
  121  7:50  Pylon  
  127  7:51  Zealot  
  129  8:02  Sentry x4, Nexus  
  129  8:04  Pylon  
  137  8:05  Sentry  
  139  8:17  Robotics Facility  
  139  8:19  Robotics Facility, Pylon  
  139  8:21  Pylon  
  139  8:23  Photon Cannon  
  139  8:24  Colossus (Chrono Boost)  
  139  8:25  Photon Cannon  
  145  8:42  Stalker x6  
  145  8:45  Charge  
  145  8:46  Protoss Ground Weapons Level 2 (Chrono Boost)  
  157  8:53  Probe x3  
  157  8:55  Pylon  
  160  9:05  Probe x3  
  163  9:11  Disruptor x2 (Chrono Boost)  
  163  9:14  Zealot x2  
  163  9:15  Zealot  
  175  9:22  Stalker  
  175  9:23  Stalker  
  170  9:31  Stalker x2  
  170  9:37  Disruptor (Chrono Boost)  
  172  9:48  Disruptor (Chrono Boost)  
  172  9:49  Probe x4  
  172  9:51  Pylon  
  172  9:52  Disruptor (Chrono Boost)  
  176  9:54  Pylon  
  179  10:07  Assimilator x2  
  179  10:09  Disruptor (Chrono Boost)  
  179  10:10  Zealot x3  
  179  10:12  Zealot x4  
  196  10:14  Photon Cannon  
  196  10:17  Photon Cannon  
  196  10:26  Gravitic Drive  
  194  10:36  Dark Templar  
  194  10:41  Dark Templar  
  194  10:42  Dark Templar  
  196  10:43  Dark Templar  
  188  11:03  Zealot x4  
  196  11:06  Pylon  
  196  11:08  Pylon  
  196  11:10  Stargate  
  196  11:14  Templar Archives  
  196  11:15  Nexus  
  194  11:23  Stalker  
  194  11:24  Stalker x8  
  174  11:28  Observer x2  
  164  11:48  Zealot x7  
  164  11:49  Zealot x2  
  170  12:10  Stalker x3  
  170  12:11  Stalker x6  
Show
View Real Time Build Order
Export as new Build Order

RagnaroK Zerg 

Build Orders: Hatch First, Lurkers, Roach Hydra 

Get SALT Encoding   

  12  0:00  Drone  
  13  0:13  Overlord  
  13  0:16  Drone  
  14  0:31  Drone  
  15  0:45  Hatchery  
  15  0:48  Drone  
  15  0:51  Drone  
  15  0:56  Drone  
  17  1:00  Drone  
  18  1:06  Extractor  
  17  1:17  Spawning Pool  
  16  1:20  Drone  
  16  1:24  Drone  
  18  1:32  Drone  
  19  1:43  Drone  
  20  1:54  Overlord  
  20  1:56  Drone  
  21  2:04  Queen x2  
  25  2:08  Zergling x2  
  25  2:13  Zergling x2  
  27  2:17  Metabolic Boost  
  27  2:20  Drone  
  28  2:23  Drone  
  28  2:26  Drone  
  30  2:30  Drone  
  31  2:44  Hatchery  
  31  2:47  Drone  
  31  2:50  Drone  
  32  2:55  Queen  
  34  3:00  Overlord  
  34  3:05  Drone x2  
  36  3:19  Drone x3  
  39  3:20  Spore Crawler  
  39  3:21  Drone x3  
  39  3:23  Zergling x2  
  42  3:28  Zergling x2  
  42  3:33  Overlord  
  43  3:35  Spore Crawler  
  42  3:43  Overlord  
  42  3:45  Drone x2  
  44  3:52  Drone x3  
  44  3:55  Drone  
  48  3:57  Drone  
  48  4:00  Queen  
  48  4:02  Queen  
  53  4:04  Drone  
  54  4:10  Zergling x8  
  56  4:19  Drone x3  
  56  4:20  Roach Warren  
  57  4:30  Overlord  
  56  4:37  Overlord  
  56  4:38  Overlord  
  54  4:48  Drone x4  
  54  4:49  Drone x8  
  54  4:52  Overlord  
  65  4:56  Drone x3  
  65  4:58  Drone  
  65  4:59  Extractor  
  68  5:00  Drone  
  68  5:05  Lair  
  69  5:07  Drone  
  69  5:08  Drone  
  69  5:12  Spore Crawler  
  69  5:13  Drone x2  
  72  5:16  Drone x3  
  72  5:17  Extractor  
  72  5:19  Extractor, Drone  
  72  5:20  Drone  
  75  5:22  Overlord  
  75  5:25  Drone  
  75  5:26  Drone x2  
  75  5:27  Drone  
  75  5:28  Drone  
  79  5:31  Drone x2  
  80  5:38  Drone  
  80  5:41  Extractor x2  
  79  5:43  Drone x3  
  79  5:44  Drone x2  
  79  5:46  Overlord  
  79  5:49  Evolution Chamber  
  83  5:55  Overlord  
  83  6:02  Glial Reconstitution  
  83  6:03  Hatchery  
  82  6:05  Hydralisk Den, Roach x4  
  82  6:06  Overseer  
  82  6:09  Drone  
  90  6:12  Roach x3  
  90  6:15  Zerg Missile Weapons Level 1  
  90  6:17  Overlord  
  95  6:22  Zergling x6, Roach  
  100  6:26  Ravager x4  
  100  6:30  Roach x3  
  110  6:35  Zergling x4, Overlord, Roach  
  110  6:39  Ravager x2  
  116  6:41  Overlord  
  116  6:42  Roach  
  116  6:44  Roach x2  
  122  6:51  Overlord x2  
  123  6:54  Zergling x8, Roach  
  123  7:00  Roach x2  
  130  7:04  Drone  
  130  7:05  Drone x2, Infestation Pit  
  130  7:06  Drone  
  132  7:11  Drone x2  
  132  7:14  Drone  
  135  7:15  Lurker Den  
  135  7:17  Drone x3  
  135  7:18  Roach  
  139  7:23  Zergling x8, Roach  
  139  7:25  Overseer  
  139  7:28  Overlord x2  
  145  7:37  Unknown  
  145  7:38  Hydralisk x4  
  145  7:41  Hive  
  145  7:44  Grooved Spines  
  152  7:47  Overlord  
  152  7:48  Hydralisk x2  
  156  7:57  Spore Crawler  
  155  7:58  Overlord  
  155  8:02  Hydralisk x5  
  155  8:05  Overlord  
  164  8:09  Drone x6  
  164  8:10  Drone  
  168  8:15  Lurker x3  
  168  8:16  Lurker  
  168  8:18  Drone  
  168  8:19  Drone x2  
  174  8:23  Overseer  
  174  8:29  Hatchery  
  174  8:30  Zerg Missile Weapons Level 2  
  174  8:31  Drone  
  174  8:35  Hydralisk  
  174  8:36  Evolution Chamber  
  173  8:42  Lurker x3  
  173  8:47  Overlord x2  
  176  8:51  Hydralisk x4  
  184  8:59  Overseer  
  184  9:04  Overlord  
  184  9:05  Overlord  
  184  9:07  Seismic Spines  
  183  9:10  Roach x2  
  183  9:11  Roach  
  183  9:13  Roach x2  
  184  9:25  Roach  
  184  9:26  Roach x6  
  196  9:31  Roach  
  184  9:39  Zergling x2, Hydralisk x8  
  188  9:49  Ravager, Overseer  
  184  9:52  Muscular Augments  
  184  9:54  Drone x5  
  184  9:56  Drone x2  
  184  9:57  Zerg Ground Armor Level 1  
  191  10:04  Overseer, Adaptive Talons  
  191  10:11  Lurker x2  
  193  10:17  Extractor  
  193  10:20  Extractor  
  190  10:26  Lurker x3  
  192  10:32  Hydralisk  
  192  10:33  Overlord  
  192  10:35  Overlord  
  190  10:51  Overlord x3, Hatchery  
  190  10:56  Viper x3  
  181  11:00  Hydralisk  
  181  11:04  Hydralisk  
  189  11:07  Overseer, Unknown  
  190  11:11  Drone x3  
  190  11:12  Pneumatized Carapace  
  190  11:13  Zergling x12  
  190  11:18  Hydralisk x2  
  180  11:20  Zergling x8, Roach  
  180  11:21  Zergling x6  
  180  11:23  Roach x2  
  180  11:24  Roach  
  170  11:30  Roach x2  
  170  11:32  Roach  
  166  11:39  Roach  
  162  11:42  Roach x2  
  155  11:49  Hydralisk  
  155  11:50  Hydralisk x2  
  150  11:54  Hydralisk x3  
  150  11:58  Queen x3  
  150  11:59  Hatchery  
  157  12:01  Roach  
  157  12:05  Roach x2  
  157  12:08  Lurker  
  160  12:13  Roach  
  157  12:17  Hydralisk x2  
  119  12:23  Lurker x2  
  119  12:24  Roach  
Tags
 
Add a new tag
Caveats
  • Supply blocks, unpowered buildings, or Contaminate may cause inaccurate times.
  • Supply counts are checked every 10 seconds.